Map: Acid Plant LE

Players

Ninja

  • Race: Protoss Protoss
  • Spawn Location: 11:00

Semper - Winner!

  • Race: Terran Terran
  • Spawn Location: 5:00

Event: WCS Montreal 2018

VOD

Have the link to the VOD?

Description

Time

  • Played on: Sept. 7, 2018, 12:53 p.m.
  • Length: 10:48

All games in this series

Show
View Real Time Build Order
Export as new Build Order

Ninja Protoss 

Build Orders: 1 Gate Expand 

Get SALT Encoding   

  12  0:00  Probe  
  13  0:12  Probe  
  14  0:17  Pylon  
  14  0:23  Probe  
  15  0:32  Probe  
  15  0:36  Gateway  
  15  0:40  Probe  
  16  0:45  Assimilator  
  17  0:50  Probe  
  18  0:58  Probe  
  19  1:06  Probe  
  20  1:22  Nexus  
  20  1:32  Cybernetics Core  
  20  1:35  Probe  
  21  1:40  Assimilator  
  21  1:47  Probe  
  21  1:50  Pylon  
  22  1:59  Adept, Probe  
  25  2:10  Warp Gate  
  25  2:11  Probe  
  26  2:24  Robotics Facility, Probe  
  26  2:29  Stalker  
  29  2:30  Probe  
  29  2:36  Probe  
  31  2:38  Probe  
  32  2:48  Probe x2  
  34  2:54  Stalker  
  34  3:00  Probe x2  
  38  3:12  Probe x2  
  40  3:16  Robotics Bay  
  40  3:24  Probe x2  
  42  3:27  Assimilator  
  42  3:36  Probe x2  
  44  3:50  Warp Prism  
  42  3:56  Probe  
  42  3:58  Probe  
  42  4:00  Gateway  
  42  4:02  Pylon, Gateway  
  46  4:07  Pylon  
  46  4:10  Assimilator  
  46  4:11  Gravitic Drive  
  46  4:18  Pylon  
  46  4:19  Probe  
  46  4:20  Probe  
  46  4:21  Disruptor  
  48  4:31  Probe  
  47  4:32  Probe  
  47  4:33  Gateway  
  47  4:45  Stalker  
  49  4:46  Probe  
  49  4:47  Pylon, Disruptor  
  49  4:48  Probe  
  51  4:58  Probe  
  55  5:01  Probe  
  55  5:05  Stalker x2  
  58  5:13  Probe  
  59  5:22  Probe  
  59  5:24  Disruptor  
  59  5:25  Probe  
  61  5:34  Nexus, Probe  
  65  5:36  Pylon  
  65  5:37  Probe  
  66  5:46  Probe  
  66  5:49  Probe  
  68  5:50  Disruptor  
  68  5:58  Probe  
  68  6:01  Probe  
  73  6:10  Probe  
  74  6:21  Probe  
  75  6:30  Probe  
  75  6:32  Stalker x3  
  79  6:33  Probe  
  79  6:34  Disruptor  
  79  6:35  Pylon  
  79  6:37  Twilight Council  
  79  6:39  Forge  
  80  6:40  Forge  
  80  6:42  Probe  
  80  6:45  Pylon, Probe  
  85  6:47  Probe  
  85  6:53  Pylon, Probe  
  86  6:55  Probe x2  
  89  7:03  Blink  
  89  7:04  Stalker x2  
  89  7:07  Protoss Ground Weapons Level 1, Probe, Protoss Ground Armor Level 1  
  94  7:09  Stalker  
  96  7:21  Probe x2  
  98  7:23  Assimilator  
  98  7:25  Observer  
  98  7:28  Shield Battery  
  99  7:33  Probe  
  99  7:36  Pylon, Stalker x2  
  104  7:46  Observer  
  104  7:48  Stalker  
  104  7:49  Stalker  
  104  7:50  Pylon, Shield Battery  
  108  8:05  Stalker x2  
  110  8:07  Disruptor  
  110  8:15  Probe  
  110  8:17  Assimilator  
  111  8:20  Pylon  
  111  8:24  Gateway, Probe  
  111  8:26  Probe  
  113  8:27  Gateway  
  113  8:29  Pylon  
  113  8:31  Stalker x2  
  113  8:33  Stalker  
  113  8:34  Pylon x2  
  119  8:37  Stalker  
  119  8:40  Probe  
  122  8:42  Pylon  
  122  8:53  Observer  
  122  8:54  Nexus, Charge  
  122  8:55  Pylon  
  123  8:56  Adept x2  
  123  8:57  Adept  
  123  9:00  Adept  
  106  9:24  Adept x4  
  106  9:28  Disruptor  
  88  9:36  Probe  
  70  9:40  Probe  
  70  9:42  Probe  
  75  9:47  Stalker x3  
  75  9:48  Stalker  
  75  9:52  Gateway  
  81  9:54  Gateway  
  81  9:59  Zealot  
  83  10:00  Zealot  
  83  10:04  Probe  
  83  10:05  Disruptor  
  86  10:10  Stalker x2  
  86  10:11  Zealot x2  
  91  10:21  Zealot x2  
  98  10:32  Zealot  
  98  10:33  Zealot  
  98  10:42  Zealot x4  
Show
View Real Time Build Order
Export as new Build Order

Semper Terran - Winner!

Build Orders: Gas First Reaper Expand, Liberator Opening, Reaper Expand, Bio Tank 

Get SALT Encoding   

  12  0:00  SCV  
  13  0:12  SCV  
  14  0:17  Supply Depot  
  14  0:24  SCV  
  15  0:28  Refinery  
  15  0:38  SCV  
  16  0:44  Barracks  
  16  0:51  SCV  
  17  1:03  SCV  
  18  1:15  SCV  
  19  1:31  Reaper, Orbital Command  
  20  1:48  Command Center  
  20  1:57  SCV  
  21  2:06  Factory  
  21  2:07  Barracks Reactor  
  21  2:11  SCV  
  22  2:16  Supply Depot  
  22  2:23  SCV  
  22  2:24  Refinery  
  23  2:37  SCV  
  24  2:49  SCV  
  24  2:51  Starport  
  25  2:57  Hellion x2  
  29  3:02  SCV  
  30  3:07  Orbital Command  
  30  3:09  Liberator  
  30  3:14  SCV  
  30  3:18  Widow Mine x2  
  35  3:26  SCV  
  39  3:29  Supply Depot  
  39  3:34  SCV  
  40  3:44  SCV  
  39  3:50  SCV  
  39  3:52  Cyclone  
  41  3:56  SCV  
  41  4:00  Cyclone  
  44  4:03  SCV  
  44  4:07  Supply Depot  
  44  4:08  SCV  
  46  4:15  SCV, Barracks Tech Lab  
  47  4:20  SCV  
  47  4:21  Engineering Bay  
  48  4:27  SCV  
  49  4:31  Bunker  
  49  4:32  SCV  
  50  4:39  SCV  
  50  4:44  SCV  
  52  4:46  Siege Tank, Marine  
  52  4:47  Marine  
  52  4:50  Supply Depot  
  52  4:51  SCV  
  58  4:56  SCV  
  59  5:00  Missile Turret, Refinery  
  59  5:03  SCV  
  59  5:04  Marine x2  
  62  5:12  SCV  
  63  5:15  SCV  
  63  5:17  Supply Depot  
  63  5:20  Siege Tank  
  63  5:21  Barracks x2  
  67  5:24  SCV, Marine x2  
  70  5:32  Terran Infantry Weapons Level 1, Supply Depot  
  70  5:38  SCV, Supply Depot  
  70  5:42  SCV  
  72  5:44  Command Center  
  72  5:50  SCV  
  72  5:52  Siege Tank  
  72  5:54  SCV  
  72  5:55  Marine x2  
  75  6:02  SCV  
  76  6:12  Marine  
  76  6:13  Barracks Tech Lab  
  76  6:15  SCV x2  
  79  6:18  Barracks Tech Lab  
  79  6:23  Starport Reactor  
  79  6:24  Siege Tank  
  82  6:26  Marine  
  82  6:30  Marine  
  78  6:33  SCV  
  78  6:34  Stimpack  
  78  6:35  Marauder  
  78  6:36  Supply Depot  
  78  6:39  SCV  
  82  6:41  Refinery  
  82  6:42  Marauder, Combat Shields  
  82  6:43  Missile Turret  
  82  6:45  SCV  
  85  6:51  SCV  
  85  6:53  Marine x2  
  88  6:59  Supply Depot, Orbital Command  
  88  7:04  Medivac  
  88  7:06  Barracks  
  88  7:07  Barracks  
  90  7:11  Missile Turret  
  90  7:13  Marauder, Marine x2  
  94  7:17  Siege Tank  
  94  7:19  Marine  
  94  7:22  SCV x2  
  100  7:30  Marine  
  100  7:31  Marine  
  100  7:34  SCV x2  
  100  7:35  Marauder, Orbital Command  
  106  7:38  Marauder  
  106  7:42  Medivac x2  
  112  7:46  SCV x2  
  112  7:49  Marine  
  112  7:50  Marine  
  116  7:56  Marauder  
  119  7:58  SCV x2  
  119  7:59  Marauder  
  121  8:06  Barracks Reactor, Barracks Tech Lab  
  121  8:07  SCV  
  121  8:09  Refinery x2  
  121  8:10  SCV x2  
  119  8:17  Marauder  
  119  8:19  Missile Turret, SCV  
  119  8:20  Marauder  
  119  8:22  SCV, Siege Tank  
  119  8:23  Missile Turret  
  119  8:24  Terran Infantry Armor Level 1  
  125  8:30  Supply Depot x2  
  125  8:31  Supply Depot  
  125  8:32  SCV x2, Supply Depot  
  127  8:37  Missile Turret  
  127  8:38  Marauder  
  127  8:39  Marauder  
  127  8:41  SCV  
  132  8:43  Factory  
  132  8:48  SCV  
  133  8:51  Medivac, SCV, Marine x3  
  133  8:52  Marauder  
  141  8:58  Factory  
  141  8:59  Supply Depot  
  141  9:00  Supply Depot  
  141  9:05  Siege Tank  
  141  9:08  Marauder, Marine  
  143  9:22  Marine x4  
  121  9:24  SCV x2, Marine  
  121  9:26  Marine  
  121  9:30  SCV  
  116  9:36  Factory Tech Lab, SCV x2  
  116  9:37  Siege Tank  
  116  9:42  SCV, Marine x4  
  116  9:43  Marauder  
  116  9:45  Medivac x2  
  127  9:48  SCV  
  127  9:49  SCV  
  127  9:50  Factory Tech Lab  
  129  9:56  Siege Tank  
  129  9:58  Marauder, Marine  
  136  10:00  Marine  
  136  10:01  Marauder  
  136  10:04  Marauder, Command Center  
  140  10:07  Armory  
  140  10:10  Engineering Bay  
  140  10:11  Siege Tank, Marine  
  144  10:19  Marauder, Marine  
  144  10:20  Marine  
  151  10:22  Marauder  
  153  10:30  Marine  
Tags
 
Add a new tag
Caveats
  • Supply blocks, unpowered buildings, or Contaminate may cause inaccurate times.
  • Supply counts are checked every 10 seconds.